 Dungeon Crawl Stone Soup version 0.16-a0-2914-g4ae3da0 (webtiles) character file.

152709 stonewall the Impaler (level 17, -6/128 HPs)
             Began as a Mummy Arcane Marksman on Dec 1, 2014.
             Was the Champion of Lugonu.
             Mangled by an emperor scorpion (9 damage)
             ... on level 4 of the Spider Nest.
             The game lasted 01:20:03 (41875 turns).

stonewall the Impaler (Mummy Arcane Marksman)      Turns: 41875, Time: 01:20:03

Health: -6/128     AC: 20    Str: 19    XL:     17   Next: 3%
Magic:  31/31      EV: 16    Int: 13    God:    Lugonu [******]
Gold:   212        SH: 10    Dex: 11    Spells: 7 memorised, 11 levels left

rFire  x . .     SeeInvis +     s - +3 demon trident (flame)
rCold  + + .     Clarity  +     U - quicksilver dragon armour
rNeg   + + +     SustAb   .     t - +0 shield {reflect}
rPois  ∞         Gourm    .     o - +0 helmet {SInv}
rElec  .         Spirit   .     I - +0 cloak
rCorr  .         Warding  .     i - +0 pair of gloves
rMut   .         Stasis   .     C - +0 pair of boots
MR     +++..                    w - amulet of clarity
Stlth  +.........               v - ring "Vudo" {rC+ Int+1 Slay+5 SInv}
                                r - +4 ring of evasion

@: extremely resistant to hostile enchantments, very unstealthy
A: no food or potions, fire vulnerability, in touch with death, restore body,
cold resistance 1, negative energy resistance 3, poison resistance, torment
resistance, unbreathing
a: Self-Restoration, Depart the Abyss, Bend Space, Banish, Corrupt, Enter the
Abyss, Renounce Religion


You were on level 4 of the Spider Nest.
You worshipped Lugonu.
Lugonu was exalted by your worship.
You were not hungry.

You visited 5 branches of the dungeon, and saw 32 of its levels.

You collected 4077 gold pieces.
You spent 3865 gold pieces at shops.

Inventory:

Hand weapons
 c - a +2 halberd of venom
 s - a +3 demon trident of flaming (weapon)
 z - the +10 spear "Plutow" {pierce, rN+}
   (You took it off an orc on level 8 of the Dungeon)

   It inflicts extra damage upon your enemies.
   It protects you from negative energy.
 G - a +4 vampiric scythe
 M - a +2 glaive of protection
Armour
 i - a +0 pair of gloves (worn)
 o - a +0 helmet of see invisible (worn)
 t - a +0 shield of reflection (worn)
 C - a +0 pair of boots (worn)
 I - a +0 cloak (worn)
 U - a quicksilver dragon armour (worn)
 Z - the +2 scale mail of the Hidden Tales {Int-1 Slay+4}
   (You found it on level 7 of the Lair of Beasts)

   It affects your intelligence (-1).
   It affects your accuracy and damage with ranged weapons and melee attacks
   (+4).
Rods
 a - a +3 rod of clouds (13/13)
   (You found it on level 8 of the Lair of Beasts)
 E - a +1 rod of inaccuracy (13/13)
   (You found it on level 6 of the Lair of Beasts)
Jewellery
 k - an uncursed ring of teleport control
 r - a +4 ring of evasion (left hand)
 v - the ring "Vudo" (right hand) {rC+ Int+1 Slay+5 SInv}
   (You bought it in a shop on level 10 of the Dungeon)

   [ring of protection from cold]

   It affects your intelligence (+1).
   It affects your accuracy and damage with ranged weapons and melee attacks
   (+5).
   It protects you from cold.
   It enhances your eyesight.
 w - an amulet of clarity (around neck)
 F - an uncursed ring of ice
 L - a cursed ring of teleportation
 X - a +4 ring of dexterity
 Y - an uncursed amulet of stasis
Magical devices
 b - a wand of digging (1)
 d - a wand of fireball (3)
 e - a wand of disintegration (14)
 u - a wand of draining (4)
 N - a wand of teleportation (4)
 O - a wand of draining (2)
 Q - a wand of lightning (11)
 S - a wand of cold (7)
 T - a wand of teleportation (2)
Scrolls
 f - 17 scrolls of identify
 h - 7 scrolls of teleportation
 j - 6 scrolls of enchant armour
 m - 3 scrolls of fear
 n - 4 scrolls of amnesia
 p - 2 scrolls of recharging
 q - 5 scrolls of magic mapping
 D - 5 scrolls of fog
 J - a scroll of brand weapon
 K - 2 scrolls of blinking
 R - 8 scrolls of remove curse
Miscellaneous
 l - a phial of floods


   Skills:
 - Level 10.0 Fighting
 - Level 16.0 Polearms
   Level 1.5 Slings
 - Level 10.0 Armour
 - Level 10.0 Dodging
 + Level 5.8 Shields
 - Level 4.7 Spellcasting
 - Level 2.6 Hexes
 - Level 12.0 Invocations


You had 11 spell levels left.
You knew the following spells:

 Your Spells              Type           Power        Failure   Level  Hunger
a - Corona                Hex            ##.....      28%         1    N/A
b - Infusion              Chrm           #.....       77%         1    N/A
c - Spectral Weapon       Hex/Chrm       #.......     94%         3    N/A
d - Apportation           Tloc           #.........   77%         1    N/A
e - Summon Butterflies    Summ           #.......     77%         1    N/A
f - Blink                 Tloc           N/A          92%         2    N/A
g - Dispel Undead         Necr           #.......     100%        5    N/A

Dungeon Overview and Level Annotations

Branches:
Dungeon (15/15)            Temple (1/1) D:6            Lair (8/8) D:11
  Swamp (0/5) Lair:5       Spider (4/5) Lair:5        Slime (0/6) Lair:6
    Orc (4/4) D:12            Elf (0/3) Orc:3        Vaults (0/5) D:13
 Depths (0/5) D:15

Altars:
Ashenzari
Cheibriados
Dithmenos
Elyvilon
Fedhas
Gozag
Kikubaaqudgha
Makhleb
Nemelex Xobeh
Okawaru
Qazlal
Ru
Sif Muna
Trog
Vehumet
Xom
Yredelemnul
Zin
The Shining One
Beogh
Jiyva
Lugonu

Shops:
D:5 *   D:7 %   D:10 *!=(   Orc:4 ([:*

Annotations:
Lair:2 exclusion: oklob plant
Lair:3 exclusion: oklob plant
Lair:6 runed door
Abyss:1 Arachne, Nergalle, Saint Roka


Innate Abilities, Weirdness & Mutations

You do not eat or drink.
Your flesh is vulnerable to fire.
You are in touch with the powers of death.
You can restore your body by infusing magical energy.
Your flesh is cold resistant.
You are immune to negative energy.
Your system is resistant to poisons.
You are immune to unholy pain and torment.
You can survive without breathing.


Message History

The red wasp stings you!
* * * LOW HITPOINT WARNING * * *
You closely miss the red wasp.
The red wasp is severely wounded.
You block the red wasp's attack.
You puncture the red wasp! You burn the red wasp.
You kill the red wasp!
Lugonu accepts your kill.
You closely miss the emperor scorpion.
The emperor scorpion is almost dead.
You hit the emperor scorpion. You burn the emperor scorpion.
The emperor scorpion is almost dead.
The emperor scorpion stings you!!
* * * LOW HITPOINT WARNING * * *
The emperor scorpion closely misses you.
The emperor scorpion claws you but does no damage.
You completely miss the emperor scorpion.
The emperor scorpion is almost dead.
The emperor scorpion stings you!
You die...

≈ .. ≈≈≈ .. #≈####.. ###≈≈.....
##≈≈≈##...## .# ≈≈≈#.#.....#
###...... #≈≈≈..#....####
####........ #≈#≈≈...##.s#..#
#...... ^... #≈#≈#.....#@.#..
....^ ....
###≈≈≈≈#.#..##..^...#..####.#.
#≈≈≈#≈≈#....# .....##..##...#.
#≈≈≈≈≈≈.^...^#.##..##.^..#.....
≈≈≈#≈##.#...##.....#..##.#...#
#≈.......#....#..####....#
#≈#≈...#.....##.#.## ##.#^.
#≈!..###^#..##..#^..# ##...#.
≈............#.....## #^...#.


You could see an emperor scorpion.

Vanquished Creatures
  Donald (Spider:4)
  An orc warlord (Orc:4)
  An emperor scorpion (Spider:3)
  A ghost moth (Spider:2)
  A dire elephant (Lair:8)
  Snorg (Orc:2)
  Fannar (Orc:2)
  Nessos (Orc:4)
  Erica (Orc:2)
  8 hydras
  5 centaur warriors
  An anaconda (Lair:8)
  4 death yaks
  Urug (Orc:4)
  An orc high priest (Orc:4)
  2 catoblepae
  A deep elf knight (D:15)
  6 skeletal warriors
  4 unseen horrors
  Erolcha (D:12)
  A wizard (D:15)
  A deep troll (D:15)
  4 orc knights
  2 necromancers
  4 red wasps
  6 hill giants
  A wolf spider zombie (D:13)
  19 wolf spiders
  2 griffons
  A manticore (D:12)
  2 cyclopes
  16 ugly things
  7 orc sorcerers
  12 orb spiders
  22 elephants
  Maurice (D:8)
  8 black mambas
  Joseph (Orc:1)
  7 centaur skeletons
  3 centaur zombies
  2 torpor snails
  3 gargoyles
  7 spiny frogs
  Psyche (Orc:2)
  An efreet (D:14)
  6 yaktaurs (D:15)
  11 komodo dragons
  9 trolls
  11 demonic crawlers
  A spriggan druid (Lair:6)
  A tengu conjurer (D:15)
  6 polar bears
  2 trapdoor spider zombies
  Grinder (D:4)
  Prince Ribbit (D:8)
  3 two-headed ogres
  3 giant leeches (Lair:5)
  A queen bee (D:10)
  A boulder beetle (Lair:7)
  18 jumping spiders
  4 ravens (D:15)
  3 shadows (D:14)
  14 blink frogs
  3 basilisks
  17 trapdoor spiders
  28 tarantellas
  42 redbacks
  A deep elf mage (D:14)
  33 yaks
  A vampire (D:15)
  Eustachio (Orc:1)
  Grum (Orc:4)
  11 vampire mosquitoes
  A steam dragon (D:14)
  A wraith (D:14)
  4 wyverns
  17 wolves
  10 hippogriffs
  20 porcupines
  Menkaure (D:7)
  A swamp worm (Lair:5)
  5 wargs
  13 water moccasins
  A swamp drake (D:12)
  9 ice beasts
  3 phantoms
  A mottled dragon (D:12)
  4 sky beasts
  30 orc warriors
  A yellow wasp (D:14)
  A black bear (D:8)
  An elephant zombie (Lair:7)
  15 spiders
  14 centaurs
  12 crocodiles
  3 boring beetles
  Sigmund (D:3)
  Duvessa (D:4)
  A brain worm (D:15)
  23 giant frogs
  A komodo dragon zombie (Lair:7)
  13 ogres
  Blork the orc (Orc:1)
  A wyvern zombie (D:11)
  2 wyvern skeletons
  8 wights
  17 killer bees (D:10)
  6 scorpions
  5 electric eels
  6 goliath beetles
  22 orc priests
  Dowan (D:4)
  10 crimson imps
  A giant frog skeleton (D:9)
  2 quasits
  9 hounds
  Crazy Yiuf (D:2)
  A basilisk zombie (Lair:7)
  A gnoll shaman (D:8)
  35 orc wizards
  9 worker ants
  17 sheep
  12 iguanas
  Ijyb (D:1)
  Jessica (D:3)
  A centaur simulacrum (D:10)
  A hound skeleton (D:7)
  A hound zombie (D:6)
  A mummy (D:15)
  13 gnolls
  A worker ant zombie (D:7)
  Robin (D:2)
  26 adders
  77 river rats
  3 giant mites
  5 shadow imps
  A hound simulacrum (D:10)
  A white imp (D:10)
  4 worms
  2 ufetubi (D:10)
  An adder zombie (D:6)
  2 giant geckos
  3 oozes
  164 orcs
  21 bats
  2 bat skeletons
  3 giant cockroaches
  26 hobgoblins
  15 jackals
  18 quokkas
  10 giant newts
  A giant spore (D:11)
  27 goblins
  9 kobolds
  An orc zombie (Orc:4)
  A quokka zombie (D:8)
  11 rats
  3 ballistomycetes
  2 plants (Lair:8)
1246 creatures vanquished.

Vanquished Creatures (others)
  An emperor scorpion (Spider:2)
  2 dire elephants (Lair:8)
  An ettin (D:15)
  2 skeletal warriors (D:11)
  A fire drake (Lair:6)
  2 centaurs
  An orc (Orc:1)
  A giant spore (D:13)
11 creatures vanquished.

Grand Total: 1257 creatures vanquished

Notes
Turn   | Place    | Note
--------------------------------------------------------------
     0 | D:1      | stonewall, the Mummy Arcane Marksman, began the quest for the Orb.
     0 | D:1      | Reached XP level 1. HP: 15/15 MP: 2/2
   263 | D:1      | Reached XP level 2. HP: 19/22 MP: 3/3
   537 | D:2      | Noticed Ijyb
   552 | D:1      | Killed Ijyb
   552 | D:1      | Reached skill level 3 in Fighting
   552 | D:1      | Reached XP level 3. HP: 26/29 MP: 4/4
   766 | D:2      | Noticed Robin
   773 | D:2      | Killed Robin
   785 | D:2      | Reached XP level 4. HP: 27/37 MP: 5/5
   989 | D:2      | Reached skill level 4 in Fighting
  1377 | D:2      | Found a shadowy altar of Dithmenos.
  1608 | D:2      | Reached XP level 5. HP: 31/43 MP: 7/7
  1740 | D:2      | Reached skill level 1 in Polearms
  2034 | D:2      | Noticed Crazy Yiuf
  2041 | D:2      | Killed Crazy Yiuf
  2621 | D:3      | Found a sacrificial altar of Ru.
  2679 | D:3      | Found a sparkling altar of Nemelex Xobeh.
  2717 | D:3      | Reached XP level 6. HP: 50/50 MP: 8/8
  2882 | D:3      | Noticed Jessica
  2886 | D:3      | Killed Jessica
  3056 | D:3      | Noticed Sigmund
  3061 | D:3      | Killed Sigmund
  3418 | D:4      | Noticed a hippogriff
  3426 | D:4      | Killed a hippogriff
  3426 | D:4      | Reached XP level 7. HP: 46/55 MP: 9/9
  3622 | D:4      | Noticed Duvessa
  3625 | D:4      | Noticed Dowan
  3634 | D:4      | Killed Duvessa
  3634 | D:4      | Reached skill level 5 in Polearms
  3643 | D:4      | Killed Dowan
  3682 | D:4      | Noticed Grinder
  3701 | D:4      | Paralysed by Grinder for 6 turns
  3827 | D:4      | Paralysed by Grinder for 6 turns
  3835 | D:4      | Paralysed by Grinder for 4 turns
  3850 | D:4      | Paralysed by Grinder for 7 turns
  3860 | D:4      | Paralysed by Grinder for 5 turns
  3867 | D:4      | Killed Grinder
  4282 | D:4      | Got a coiled granite ring
  4309 | D:4      | Identified the ring of Seteo {rPois Dex+3} (You found it on level 4 of the Dungeon)
  4334 | D:4      | Reached skill level 6 in Polearms
  4578 | D:4      | Found a radiant altar of Vehumet.
  4660 | D:4      | Reached XP level 8. HP: 49/61 MP: 10/10
  4802 | D:5      | Entered Level 5 of the Dungeon
  5023 | D:5      | Reached skill level 7 in Polearms
  5190 | D:5      | Found Gozag's Nutrition Petition.
  5192 | D:5      | Found an opulent altar of Gozag.
  5433 | D:5      | Reached skill level 8 in Polearms
  5857 | D:6      | Reached skill level 9 in Polearms
  5857 | D:6      | Reached XP level 9. HP: 67/67 MP: 11/11
  5966 | D:6      | Noticed a centaur skeleton
  5977 | D:6      | Killed a centaur skeleton
  6106 | D:6      | Found a staircase to the Ecumenical Temple.
  6239 | D:6      | Noticed an unseen horror
  6243 | D:6      | Killed an unseen horror
  6243 | D:6      | Reached skill level 10 in Polearms
  6271 | Temple   | Entered the Ecumenical Temple
  6301 | Temple   | Became a worshipper of Lugonu the Unformed
  6301 | Temple   | Acquired Lugonu's first power
  6396 | D:7      | Reached skill level 5 in Fighting
  6497 | D:7      | Noticed Menkaure
  6632 | D:7      | Acquired Lugonu's second power
  6636 | D:7      | Killed Menkaure
  6685 | D:7      | Found a shimmering altar of Xom.
  6907 | D:7      | Found a blossoming altar of Fedhas.
  7052 | D:7      | Found Phoph's Food Shoppe.
  7212 | D:7      | Reached XP level 10. HP: 69/79 MP: 13/13
  7240 | D:7      | Found a white marble altar of Elyvilon.
  7294 | D:7      | Found a shattered altar of Ashenzari.
  7349 | D:7      | Found a glowing golden altar of the Shining One.
  7350 | D:7      | Noticed an angel
  7371 | D:7      | Found a basalt altar of Yredelemnul.
  7372 | D:7      | Noticed a profane servitor
  7535 | D:8      | Acquired Lugonu's third power
  7593 | D:8      | Noticed Prince Ribbit
  7618 | D:8      | Killed Prince Ribbit
  7829 | D:8      | Found a burning altar of Makhleb.
  7829 | D:8      | Found a blossoming altar of Fedhas.
  8147 | D:8      | Acquired Lugonu's fourth power
  8615 | D:8      | Noticed Maurice
  8627 | D:8      | Killed Maurice
  8631 | D:8      | Got an ivory spear
  8788 | D:8      | Identified the +10 spear "Plutow" {pierce, rN+} (You took it off an orc on level 8 of the Dungeon)
  9092 | D:9      | Found an opulent altar of Gozag.
  9168 | D:9      | Found a bloodstained altar of Trog.
  9244 | D:9      | Reached skill level 10 in Fighting
  9259 | D:9      | Acquired Lugonu's fifth power
  9271 | D:9      | Reached skill level 1 in Shields
  9924 | D:10     | Entered Level 10 of the Dungeon
 10092 | D:10     | Found Fudyn's Assorted Antiques.
 10306 | D:10     | Reached XP level 11. HP: 48/90 MP: 14/14
 10390 | D:10     | Reached skill level 5 in Shields
 10641 | D:10     | Reached skill level 1 in Invocations
 10643 | D:10     | Noticed an unseen horror
 10644 | D:10     | Found Rimuampa's Antique Weapon Shoppe.
 10653 | D:10     | Killed an unseen horror
 10662 | D:10     | Bought a glowing glaive for 149 gold pieces
 10877 | D:10     | Found Ghintin's Jewellery Boutique.
 10881 | D:10     | Found Jumesytiry's Distillery.
 10994 | D:10     | Noticed a hill giant
 11008 | D:10     | Killed a hill giant
 11388 | D:11     | Noticed an unseen horror
 11393 | D:11     | Killed an unseen horror
 11400 | D:11     | Reached skill level 5 in Invocations
 11505 | D:11     | Found a staircase to the Lair.
 11526 | D:11     | Got a crystal dagger
 11527 | D:11     | Identified the +3 dagger of Doom {flame, rPois rN+ Str-2} (You found it on level 11 of the Dungeon)
 11533 | D:11     | Noticed a skeletal warrior
 11534 | D:11     | Noticed a skeletal warrior
 11534 | D:11     | Noticed a skeletal warrior
 11535 | D:11     | Noticed a skeletal warrior
 11581 | Lair:1   | Entered Level 1 of the Lair of Beasts
 11992 | Lair:1   | Noticed Nergalle
 12001 | Lair:1   | Banished Nergalle
 13277 | Lair:2   | Reached XP level 12. HP: 72/97 MP: 23/23
 13813 | Lair:3   | Reached skill level 11 in Polearms
 14720 | Lair:4   | Reached skill level 12 in Polearms
 15751 | Lair:5   | Found a hole to the Spider Nest.
 15941 | Lair:5   | Reached skill level 13 in Polearms
 16028 | Lair:5   | Noticed a seven-headed hydra
 16043 | Lair:5   | Killed a seven-headed hydra
 16700 | Lair:5   | Found a staircase to the Swamp.
 16903 | Lair:5   | Reached XP level 13. HP: 74/103 MP: 25/25
 18023 | Lair:6   | Reached skill level 14 in Polearms
 19021 | Lair:6   | Found a runed door.
 19021 | Lair:6   | Found a viscous altar of Jiyva.
 19021 | Lair:6   | Found a staircase to the Slime Pits.
 19021 | Lair:6   | Noticed an acid blob
 19021 | Lair:6   | Noticed an acid blob
 19687 | Lair:7   | Identified a +1 rod of inaccuracy (13/13) (You found it on level 6 of the Lair of Beasts)
 19722 | Lair:7   | Reached skill level 15 in Polearms
 19975 | Lair:7   | Reached skill level 1 in Armour
 21378 | Lair:7   | Got a crude scale mail
 21379 | Lair:7   | Identified the +2 scale mail of the Hidden Tales {Int-1 Slay+4} (You found it on level 7 of the Lair of Beasts)
 21423 | Lair:8   | Entered Level 8 of the Lair of Beasts
 21673 | Lair:8   | Reached XP level 14. HP: 80/110 MP: 25/25
 22287 | Lair:8   | Reached skill level 5 in Dodging
 23107 | Lair:8   | Reached skill level 5 in Armour
 23207 | Lair:8   | Got a distressingly furry scale mail
 23208 | Lair:8   | Identified the +6 scale mail of the Skies Above {rC+} (You found it on level 8 of the Lair of Beasts)
 23562 | Lair:1   | Killed a skeletal warrior
 23654 | D:11     | Banished a skeletal warrior
 23672 | D:11     | Banished a skeletal warrior
 23772 | Lair:1   | Killed a skeletal warrior
 24641 | D:11     | Upgraded the game from 0.16-a0-2896-gd83f56c to 0.16-a0-2914-g4ae3da0
 25329 | D:12     | Found a staircase to the Orcish Mines.
 25794 | D:12     | Identified a scroll of acquirement
 25907 | D:10     | Bought an uncursed ring of teleport control for 750 gold pieces
 25907 | D:10     | Bought the ring "Vudo" {rC+ Int+1 Slay+5 SInv} for 889 gold pieces
 25907 | D:10     | Bought an uncursed amulet of clarity for 300 gold pieces
 26143 | Orc:1    | Entered Level 1 of the Orcish Mines
 26143 | Orc:1    | Noticed Erolcha
 26146 | Orc:1    | Noticed Joseph
 26168 | D:12     | Killed Erolcha
 26268 | Orc:1    | Killed Joseph
 26339 | Orc:1    | Noticed Eustachio
 26344 | Orc:1    | Killed Eustachio
 26390 | Orc:1    | Noticed Blork the orc
 26395 | Orc:1    | Killed Blork the orc
 26715 | Orc:2    | Noticed Erica
 26724 | Orc:2    | Killed Erica
 26912 | Orc:2    | Noticed Fannar
 26941 | Orc:2    | Killed Fannar
 27419 | Orc:3    | Found a roughly hewn altar of Beogh.
 27787 | Orc:4    | Entered Level 4 of the Orcish Mines
 27856 | Orc:4    | Noticed Urug
 27880 | Orc:4    | Killed Urug
 27985 | Orc:4    | Noticed Grum
 28002 | Orc:4    | Killed Grum
 28339 | Orc:4    | Noticed Saint Roka
 28708 | Orc:4    | Banished Saint Roka
 28776 | Orc:4    | Reached XP level 15. HP: 75/115 MP: 26/26
 29138 | Orc:4    | Found a roughly hewn altar of Beogh.
 29221 | Orc:4    | Found Craysm's Book Boutique.
 29285 | Orc:4    | Found Wucvim's General Store.
 29325 | Orc:4    | Bought a +4 vampiric scythe for 434 gold pieces
 29335 | Orc:4    | Found Qiugis' Antique Armour Boutique.
 29355 | Orc:4    | Bought a spiked plate armour for 728 gold pieces
 29356 | Orc:4    | Identified the cursed -3 plate armour "Beeclap" {rN+ MR+ rCorr SInv} (You bought it in a shop on level 4 of the Orcish Mines)
 29364 | Orc:4    | Identified a +3 rod of clouds (13/13) (You found it on level 8 of the Lair of Beasts)
 29377 | Orc:4    | Noticed Nessos
 29384 | Orc:4    | Killed Nessos
 29725 | Orc:4    | Found Bronanif's Antique Weapon Boutique.
 29887 | Orc:3    | Found a staircase to the Elven Halls.
 29984 | Orc:2    | Noticed Snorg
 29993 | Orc:2    | Killed Snorg
 30014 | Orc:2    | Noticed Psyche
 30023 | Orc:2    | Killed Psyche
 30283 | D:13     | Found a shimmering altar of Xom.
 30315 | D:13     | Found a gate to the Vaults.
 31076 | D:13     | Found a shimmering altar of Xom.
 31076 | D:13     | Found a shimmering altar of Xom.
 31076 | D:13     | Found a shimmering altar of Xom.
 31077 | D:13     | Found a shimmering altar of Xom.
 31077 | D:13     | Found a shimmering altar of Xom.
 31078 | D:13     | Found a shimmering altar of Xom.
 31078 | D:13     | Found a shimmering altar of Xom.
 32427 | D:15     | Entered Level 15 of the Dungeon
 32777 | D:15     | Reached skill level 10 in Armour
 32800 | D:15     | Reached skill level 10 in Dodging
 33281 | D:15     | Learned a level 1 spell: Infusion
 33290 | D:15     | Learned a level 3 spell: Spectral Weapon
 33884 | D:15     | Found a staircase to the Depths.
 33887 | D:15     | Learned a level 1 spell: Apportation
 33889 | D:15     | Learned a level 1 spell: Summon Butterflies
 33892 | D:15     | Learned a level 2 spell: Blink
 33898 | D:15     | Learned a level 5 spell: Dispel Undead
 34627 | D:14     | Reached XP level 16. HP: 105/122 MP: 29/29
 35385 | Spider:1 | Entered Level 1 of the Spider Nest
 35392 | Spider:1 | Reached skill level 10 in Invocations
 35534 | Spider:1 | Identified Lehudib's Guide on Combat Magic (You found it on level 1 of the Spider Nest)
 36379 | Spider:1 | Found a roughly hewn altar of Beogh.
 37074 | Spider:2 | Noticed Arachne
 37081 | Spider:2 | Banished Arachne
 40046 | Orc:4    | Bought a glowing demon trident for 615 gold pieces
 40493 | Spider:3 | Reached skill level 16 in Polearms
 41422 | Spider:4 | Noticed Donald
 41478 | Spider:4 | Killed Donald
 41484 | Spider:4 | Reached XP level 17. HP: 70/128 MP: 31/31
 41874 | Spider:4 | HP: 3/128 [emperor scorpion (20)]
 41875 | Spider:4 | Mangled by an emperor scorpion

Action                   |  1- 3 |  4- 6 |  7- 9 | 10-12 | 13-15 | 16-18 || total
-------------------------+-------+-------+-------+-------+-------+-------++-------
Melee: Halberd           |       |   137 |   416 |   178 |       |       ||   731
       Spear             |       |       |       |  1130 |  2600 |   768 ||  4498
       Demon trident     |       |       |       |       |       |   278 ||   278
       Scythe            |       |       |       |       |       |    31 ||    31
 Fire: Hunting sling     |    84 |   112 |       |       |       |       ||   196
Invok: Banish            |       |       |       |     3 |    35 |     6 ||    44
Evoke: Wand              |       |       |       |       |     3 |     3 ||     6
       Phial of floods   |       |       |       |       |     1 |       ||     1
  Use: Scroll            |       |     2 |     1 |    20 |    19 |     4 ||    46
 Stab: Confused          |       |       |       |       |     4 |       ||     4
